 Dungeon Crawl Stone Soup version 0.31-a0-344-gd109795599 (webtiles) character file.

Game seed: 1300998895139718867

179305 Querens the Brawler (level 17, -1/182 HPs)
             Began as a Troll Fighter on July 18, 2023.
             Was a High Priest of Okawaru.
             Slain by Donald
             ... wielding a +2 scimitar of holy wrath
              (47 damage)
             ... on level 3 of the Spider Nest on July 22, 2023.
             The game lasted 01:41:56 (18170 turns).

Querens the Brawler (Troll Fighter)                Turns: 18170, Time: 01:41:56

Health: -1/182     AC: 23    Str: 34    XL:     17   Next: 29%
Magic:  25/25      EV: 10    Int:  4    God:    Okawaru [*****.]
Gold:   941        SH: 12    Dex:  9    Spells: 16/16 levels left

rFire   . .          .
                       - Unarmed
rCold   + . .        r - +0 kite shield {rN+}
rNeg    + . .        T - +0 swamp dragon scales
rPois   +            R - +2 hat {Will+}
rElec   .            s - +2 cloak {rCorr}
rCorr   +            (gloves unavailable)
SInv    .            (boots unavailable)
Will    ++...        n - amulet of regeneration
Stlth   +            f - ring of protection from cold
HPRegen 2.10/turn    S - +4 ring of protection
MPRegen 0.19/turn

%: no passive effects
@: on fire, heroic, glowing
A: large, unfitting armour, claws 3, regeneration 1, shaggy fur 1, tough skin 1
}: 1/15 runes: decaying
a: Renounce Religion, Heroism, Finesse, Duel


You were on level 3 of the Spider Nest.
You worshipped Okawaru.
Okawaru was extremely pleased with you.
You visited 7 branches of the dungeon, and saw 27 of its levels.
You also visited: Ossuary and Volcano.

You collected 2599 gold pieces.
You spent 1658 gold pieces at shops.

Inventory:

Hand Weapons
 B - the +11 sling "Ixilocup" {heavy, rPois rF++ Stlth+}
   (You found it on level 10 of the Dungeon)

   rF:        It greatly protects you from fire.
   rPois:     It protects you from poison.
   Stlth:     It makes you more stealthy.
 E - the +6 shillelagh "Devastator" {shatter}
   (You found it on level 7 of the Dungeon)
Missiles
 y - 4 throwing nets
 D - 14 curare-tipped darts
Armour
 g - the scarf "Bap Tere" {+Inv, *Corrode rF+ MP+9}
   (Okawaru gifted it to you on level 4 of the Lair of Beasts)

   rF:        It protects you from fire.
   MP:        It affects your magic capacity (+9).
   *Corrode:  It may corrode you when you take damage.
 r - a +0 kite shield of positive energy (worn)
 s - a +2 cloak of preservation (worn)
 M - a +0 troll leather armour
 O - the +6 acid dragon scales of Impatience {rF++ rCorr Str-5 Slay+3}
   (Okawaru gifted it to you on level 11 of the Dungeon)

   Str:       It affects your strength (-5).
   Slay:      It affects your accuracy & damage with ranged weapons and melee
   (+3).
   rF:        It greatly protects you from fire.
   rCorr:     It protects you from acid and corrosion.
 P - +0 fire dragon scales
 R - a +2 hat of willpower (worn)
 T - +0 swamp dragon scales (worn)
 Y - +1 storm dragon scales
Jewellery
 f - a ring of protection from cold (left claw)
 n - an amulet of regeneration (around neck)
 z - a ring of flight
 L - a ring of protection from cold
 S - a +4 ring of protection (right claw)
Talismans
 e - a serpent talisman
 U - a dragon-blood talisman
Wands
 F - a wand of flame (27)
 I - a wand of polymorph (5)
 J - a wand of iceblast (18)
 X - a wand of mindburst (9)
Scrolls
 a - a scroll of fog
 d - a scroll of fear
 l - 2 scrolls of poison
 o - 2 scrolls of enchant weapon
 p - 10 scrolls of enchant armour
 t - 3 scrolls of immolation
 v - 10 scrolls of teleportation
 x - a scroll of identify
 A - a scroll of summoning
 C - a scroll of blinking
 G - 5 scrolls of revelation
 Q - 2 scrolls of brand weapon
 W - a scroll of silence
Potions
 b - 3 potions of heal wounds
 c - 6 potions of might
 i - 3 potions of curing
 j - a potion of attraction {unknown}
 k - 4 potions of invisibility
 m - 9 potions of lignification
 q - 4 potions of magic
 u - a potion of mutation {unknown}
 w - 2 potions of enlightenment
 H - 15 potions of ambrosia
 K - 2 potions of haste {unknown}
 N - 2 potions of cancellation
 V - 3 potions of berserk rage {unknown}


   Skills:
 + Level 14.9(19.9) Fighting
 + Level 11.3(16.3) Armour
 - Level 2.8(7.8) Dodging
 - Level 10.0(15.0) Shields
 + Level 17.2(22.2) Unarmed Combat
 - Level 12.0 Invocations


You had 16 spell levels left.
You didn't know any spells.
Your spell library contained the following spells:

 Spells                   Type           Power      Damage    Failure   Level
 Freeze                   Ice            0%         1d3       67%         1
 Shock                    Conj/Air       0%         1d3       67%         1
 Blink                    Tloc           0%         N/A       80%         2
 Lesser Beckoning         Tloc           0%         N/A       80%         2
 Momentum Strike          Conj/Tloc      0%         3d8       80%         2
 Scorch                   Fire           0%         2d5       80%         2
 Frozen Ramparts          Ice            0%         1d1       95%         3
 Gell's Gravitas          Tloc           0%         N/A       95%         3
 Hailstorm                Conj/Ice       0%         3d3       95%         3
 Ozocubu's Armour         Ice            0%         N/A       95%         3
 Portal Projectile        Hex/Tloc       0%         N/A       95%         3
 Stone Arrow              Conj/Erth      0%         3d7       95%         3
 Swiftness                Air            0%         N/A       95%         3
 Teleport Other           Tloc           0%         N/A       95%         3
 Airstrike                Air            0%         2d(0-16)  100%        4
 Flame Wave               Conj/Fire      0%         2d4       100%        4
 Leda's Liquefaction      Hex/Erth       0%         N/A       100%        4
 Passage of Golubria      Tloc           0%         N/A       100%        4
 Petrify                  Tmut/Erth      0%         N/A       100%        4
 Alistair's Intoxication  Tmut/Pois      0%         N/A       100%        5
 Borgnjor's Vile Clutch   Necr/Erth      0%         N/A       100%        5
 Metabolic Englaciation   Hex/Ice        0%         N/A       100%        5
 Silence                  Hex/Air        0%         N/A       100%        5
 Yara's Violent Unravell  Hex/Tmut       0%         3d3       100%        5
 Dispersal                Tloc           0%         N/A       100%        6
 Eringya's Noxious Bog    Tmut/Pois      0%         4d6       100%        6
 Ozocubu's Refrigeration  Ice            0%         4d7       100%        7
 Lehudib's Crystal Spear  Conj/Erth      0%         10d2      100%        8
 Call Canine Familiar     Summ           Unusable   N/A       N/A         3
 Tukima's Dance           Hex            Unusable   N/A       N/A         3
 Animate Armour           Summ/Erth      Unusable   N/A       N/A         4
 Summon Cactus Giant      Summ           Unusable   N/A       N/A         6

Dungeon Overview and Level Annotations

Branches:
Dungeon (11/15)            Temple (1/1) D:7            Lair (5/5) D:8
  Swamp (4/4) Lair:2       Spider (3/4) Lair:3        Slime (0/5) Lair:5
    Orc (2/2) D:11            Elf (1/3) Orc:2       Ossuary (visited)
Volcano (visited)

Altars:
Ashenzari
Cheibriados
Dithmenos
Elyvilon
Fedhas
Gozag
Hepliaklqana
Kikubaaqudgha
Makhleb
Nemelex Xobeh
Okawaru
Qazlal
Ru
Sif Muna
Trog
Uskayaw
Vehumet
Wu Jian
Xom
Yredelemnul
Zin
The Shining One
Jiyva
Lugonu

Shops:
D:7 :   D:8 (   Orc:1 *(?*:   Orc:2 (*=?!

Portals:
Abyss: Lair:5

Annotations:
Spider:3 Donald


Innate Abilities, Weirdness & Mutations

You are too large for most types of armour.
You have claws for hands.
Your natural rate of healing is unusually fast.
You are covered in fur. (AC +1)
You have tough skin. (AC +1)


Message History

The sticky flame hits you but does no damage.
You are covered in liquid flames!
You closely miss the sun moth.
The sun moth is lightly wounded.
You are covered in liquid flames!
Donald hits you with a +2 scimitar of holy wrath!!
You block the sun moth's attack.
You completely miss the sun moth.
The sun moth is lightly wounded.
You are covered in liquid flames!
Donald says, "I could take you in a fair duel.
No cheating!"
You block Donald's attack. The sun moth bites you.
You eviscerate the sun moth!!!
The sun moth is severely wounded.
You are covered in liquid flames!
You hear a faint skittering sound.
You block Donald's attack.
A tarantella comes into view.
The sun moth bites you but does no damage.
You barely miss the sun moth.
The sun moth is severely wounded.
You are covered in liquid flames!
You are no longer on fire.
You block Donald's attack.
You scratch the sun moth.
The sun moth is severely wounded.
Donald hits you with a +2 scimitar of holy wrath!
* * * LOW HITPOINT WARNING * * *
The sun moth throws sticky fire at you.
The sticky flame hits you but does no damage.
You are covered in liquid flames!
The tarantella barely misses you.
Unknown command.
You eviscerate the sun moth!!!
You kill the sun moth!
Okawaru accepts your kill.
You are covered in liquid flames!
* * * LOW HITPOINT WARNING * * *
Donald hits you with a +2 scimitar of holy wrath!!!
You die...

y.^... ^...##
.....# ....#
...^# #...#
##s..# ##@?.^#
..^..## #^.@.##
.....# #^..(.#
.....######....#
..^..##.......#
....^.#.......#
#.............#
##....#..^###..#
##<...##...#..###


You could see Donald (fast, strong, reflecting) and a tarantella.

Vanquished Creatures
  Nikola (Swamp:2)
  Jorgrun (Swamp:3)
  The ghost of soepkip the Severer, an adept MiFi of Okawaru (Swamp:4)
  4 thorn hunters (Swamp:4)
  Aizul (Swamp:4)
  The ghost of Dwachs the Grappler, a journeyman TrFi of Wu Jian (Lair:4)
  3 ghost moths (Spider:1)
  A ghoul (Swamp:3)
  2 hydra zombies (Swamp:4)
  2 broodmothers (Spider:1)
  2 vampire knights (Swamp:4)
  An eleionoma (Swamp:3)
  4 spark wasps
  3 bunyips
  Snorg (D:11)
  6 entropy weavers
  2 shambling mangroves (Swamp:4)
  A jorogumo (Spider:2)
  2 ghost crabs
  12 hydras
  A spriggan air mage (Swamp:4)
  2 centaur warriors (D:10)
  11 alligators
  2 two-headed ogres
  4 boulder beetles
  2 thrashing horrors (Lair:5)
  4 demonic crawlers
  5 orc high priests (Orc:2)
  The ghost of Turtleman12345 the Trooper, a novice DrSh of Okawaru (D:8)
  Sonja (Lair:5)
  3 pharaoh ants
  A flayed ghost (Swamp:4)
  11 goliath frogs
  3 orb spiders
  A sun moth (Spider:3)
  7 swamp dragons
  4 bog bodies
  4 spectral hydras (Swamp:4)
  4 steelbarb worms
  9 orc knights
  6 spriggan druids
  2 phantasmal warriors (Swamp:4)
  7 oklob plants
  A deep elf zephyrmancer (Elf:1)
  3 ugly things
  2 orc sorcerers
  7 wolf spiders
  2 will-o-the-wisps (Swamp:3)
  A moth of wrath (Spider:1)
  3 elephants (Lair:2)
  3 smoke demons
  Joseph (D:9)
  4 black mambas
  Maurice (D:10)
  2 molten gargoyles (Volcano)
  A gargoyle (D:11)
  13 cane toads
  Maggie (Lair:1)
  4 torpor snails
  4 komodo dragons
  3 rime drakes
  3 freezing wraiths (Swamp:4)
  A queen bee (Lair:1)
  2 red devils (Volcano)
  3 polar bears
  8 tyrant leeches
  4 trolls
  15 tarantellas
  3 meliai (Spider:1)
  Prince Ribbit (Lair:2)
  32 blink frogs
  20 hornets
  2 raiju (Lair:5)
  6 dream sheep (Lair:5)
  A death drake skeleton (Swamp:4)
  22 jumping spiders
  5 slime creatures
  41 yaks
  2 ynoxinuls (Lair:5)
  A shadow (D:11)
  11 culicivoras
  Eustachio (D:5)
  3 large abominations (Lair:5)
  14 spriggans
  A hog (shapeshifter) (Lair:5)
  A vampire (D:11)
  6 wyverns
  7 fire bats (Volcano)
  A yak (shapeshifter) (Lair:5)
  2 wraiths (D:11)
  11 small abominations (Lair:5)
  A steam dragon (Lair:3)
  31 redbacks
  3 basilisks
  11 vampire mosquitoes
  An acid dragon (D:11)
  2 hydra simulacra (Swamp:4)
  18 swamp worms
  2 hell hounds (Volcano)
  12 water moccasins
  A floating eye (shapeshifter) (Lair:5)
  2 black bears
  6 swamp drakes
  2 sky beasts
  26 orc warriors
  3 swamp dragon zombies (Swamp:4)
  2 ice beasts (D:7)
  15 wolves
  An ogre (Orc:2)
  6 centaurs
  2 phantoms
  17 kobold brigands
  3 necrophages (Swamp:3)
  13 bullfrogs
  2 scorpions
  2 gnoll sergeants
  2 water moccasin zombies (Ossuary)
  29 killer bees
  A howler monkey (D:10)
  8 electric eels
  A crimson imp (D:4)
  8 lava snakes (Volcano)
  3 jellies
  24 orc priests
  A gnoll bouda (D:6)
  3 hounds (D:6)
  4 iguanas
  16 orc wizards
  2 sleepcaps (D:5)
  2 mummies (Ossuary)
  Robin (D:4)
  10 gnolls
  12 adders
  A shadow imp (D:8)
  2 white imps (D:8)
  4 adder zombies (Ossuary)
  3 worms
  2 dart slugs
  85 orcs
  2 ball pythons
  2 bats
  9 endoplasms
  3 giant cockroaches
  14 goblins
  6 hobgoblins
  2 jackals (D:3)
  2 quokkas
  A frilled lizard (D:1)
  2 gnoll zombies (Ossuary)
  6 hobgoblin zombies (Ossuary)
  36 kobolds
  10 kobold zombies (Ossuary)
  7 orc zombies (Ossuary)
  3 rats
945 creatures vanquished.

Vanquished Creatures (others)
  2 bloated husks
  4 foxfires (Swamp:3)
6 creatures vanquished.

Grand Total: 951 creatures vanquished

Notes
Turn   | Place    | Note
-------+----------+-------------------------------------------
     0 | D:1      | Querens the Troll Fighter began the quest for the Orb.
     0 | D:1      | Reached XP level 1. HP: 22/22 MP: 0/0
     1 | D:1      | Upgraded the game from 0.31-a0-325-g067879e3d3 to
                  | 0.31-a0-344-gd109795599
   236 | D:1      | Reached XP level 2. HP: 24/29 MP: 1/1
   696 | D:2      | Reached XP level 3. HP: 36/36 MP: 2/2
  1316 | D:3      | Found a faded altar of an unknown god.
  1374 | D:3      | Reached XP level 4. HP: 45/45 MP: 3/3
  1435 | D:3      | Reached skill level 3 in Unarmed Combat
  1678 | D:4      | Reached XP level 5. HP: 38/53 MP: 4/4
  1765 | D:4      | Found a sand-covered staircase.
  1771 | Ossuary  | Entered an ossuary
  1808 | Ossuary  | Reached XP level 6. HP: 61/62 MP: 5/5
  1919 | Ossuary  | Reached skill level 4 in Unarmed Combat
  2209 | D:4      | Reached XP level 7. HP: 63/70 MP: 6/6
  2242 | D:4      | Noticed Robin
  2256 | D:4      | Killed Robin
  2337 | D:4      | Found a burning altar of Makhleb.
  2337 | D:4      | Found a shimmering altar of Xom.
  2464 | D:5      | Entered Level 5 of the Dungeon
  2602 | D:5      | Found a radiant altar of Vehumet.
  2712 | D:5      | Reached skill level 5 in Shields
  2732 | D:5      | Noticed Eustachio
  2748 | D:5      | Killed Eustachio
  2749 | D:5      | Reached skill level 5 in Unarmed Combat
  2967 | D:5      | Found a hide-covered altar of Uskayaw.
  2967 | D:5      | Found a snail-covered altar of Cheibriados.
  3065 | D:5      | Noticed a vampire
  3080 | D:5      | HP: 1/71 [something (9)]
  3183 | D:6      | Reached skill level 5 in Fighting
  3285 | D:6      | Reached XP level 8. HP: 80/80 MP: 7/7
  3501 | D:6      | Reached skill level 6 in Unarmed Combat
  3969 | D:7      | Found Viomeac's Book Boutique.
  4136 | D:7      | Reached skill level 7 in Unarmed Combat
  4136 | D:7      | Reached XP level 9. HP: 59/89 MP: 8/8
  4226 | D:7      | Found the +6 shillelagh "Devastator" {shatter}
  4342 | D:7      | Found a staircase to the Ecumenical Temple.
  4352 | Temple   | Entered the Ecumenical Temple
  4395 | Temple   | Became a worshipper of Warmaster Okawaru
  4798 | D:8      | Found a staircase to the Lair.
  4825 | D:8      | Reached * piety under Okawaru
  4826 | D:8      | Reached skill level 8 in Unarmed Combat
  4903 | D:8      | Found Lesobu's Weapon Emporium.
  4960 | D:8      | Noticed a troll
  4966 | D:8      | Killed a troll
  5199 | D:8      | Found a runed translucent gate.
  5199 | D:8      | Found a runed translucent gate.
  5199 | D:8      | Found a runed translucent gate.
  5199 | D:8      | Noticed Turtleman12345's ghost (novice DrSh)
  5238 | D:8      | Reached ** piety under Okawaru
  5246 | D:8      | Killed Turtleman12345's ghost
  5247 | D:8      | Reached XP level 10. HP: 61/104 MP: 6/9
  5422 | D:8      | Reached skill level 9 in Unarmed Combat
  5642 | D:9      | Reached *** piety under Okawaru
  5698 | D:9      | Noticed a two-headed ogre
  5704 | D:9      | Killed a two-headed ogre
  5737 | D:9      | Noticed Joseph
  5753 | D:9      | Killed Joseph
  5803 | D:9      | Reached **** piety under Okawaru
  5843 | D:10     | Entered Level 10 of the Dungeon
  5848 | D:10     | Noticed a centaur warrior
  5849 | D:10     | Noticed a centaur warrior
  5898 | D:10     | Noticed a two-headed ogre
  5909 | D:10     | Killed a two-headed ogre
  5910 | D:10     | Reached skill level 10 in Unarmed Combat
  5935 | D:10     | Noticed Maurice
  5952 | D:10     | Killed Maurice
  5953 | D:10     | Reached XP level 11. HP: 87/113 MP: 10/10
  6028 | D:10     | Noticed a cyan ugly thing
  6039 | D:10     | Killed a cyan ugly thing
  6082 | D:10     | Killed a centaur warrior
  6082 | D:10     | Reached ***** piety under Okawaru
  6258 | D:10     | Killed a centaur warrior
  6259 | D:10     | Reached skill level 10 in Shields
  6264 | D:10     | Found a broken altar of Ashenzari.
  6272 | D:10     | Identified the +11 sling "Ixilocup" {heavy, rPois rF++
                  | Stlth+}
  6356 | D:10     | Paralysed by a hornet for 2 turns
  6560 | D:11     | Noticed Snorg
  6582 | D:11     | Killed Snorg
  6582 | D:11     | Identified the +6 acid dragon scales of Impatience {rF++
                  | rCorr Str-5 Slay+3} (Okawaru gifted it to you on level 11
                  | of the Dungeon)
  6582 | D:11     | Received a gift from Okawaru
  6761 | D:11     | Reached skill level 11 in Unarmed Combat
  6953 | D:11     | Found a staircase to the Orcish Mines.
  7255 | Orc:1    | Entered Level 1 of the Orcish Mines
  7267 | Orc:1    | Reached skill level 1 in Invocations
  7322 | Orc:1    | Reached skill level 10 in Fighting
  7358 | Orc:1    | Noticed an orc knight
  7364 | Orc:1    | Found Malo's Assorted Antiques.
  7368 | Orc:1    | Bought a sapphire potion for 32 gold pieces
  7380 | Orc:1    | Killed an orc knight
  7413 | Orc:2    | Entered Level 2 of the Orcish Mines
  7413 | Orc:2    | Found Gagaot's Distillery.
  7444 | Orc:2    | Bought a potion of heal wounds for 85 gold pieces
  7444 | Orc:2    | Bought a potion of heal wounds for 85 gold pieces
  7444 | Orc:2    | Bought a potion of heal wounds for 85 gold pieces
  7444 | Orc:2    | Bought a potion of heal wounds for 85 gold pieces
  7459 | Orc:2    | Found a staircase to the Elven Halls.
  7551 | Orc:2    | Noticed an orc knight
  7553 | Orc:2    | Noticed an orc high priest
  7577 | Orc:2    | Killed an orc high priest
  7579 | Orc:2    | Killed an orc knight
  7580 | Orc:2    | Reached skill level 1 in Armour
  7580 | Orc:2    | Reached XP level 12. HP: 93/126 MP: 10/12
  7845 | Orc:2    | Found a dark tunnel.
  7853 | Volcano  | Entered a volcano
  7991 | Volcano  | Found a radiant altar of Vehumet.
  8014 | Volcano  | Reached skill level 12 in Unarmed Combat
  8224 | Orc:1    | Found Puvigah's Book Shoppe.
  8238 | Orc:1    | Found Poeser's Assorted Antiques.
  8265 | Orc:1    | Bought a glowing golden potion for 22 gold pieces
  8265 | Orc:1    | Bought a scroll of identify for 50 gold pieces
  8348 | Orc:1    | Found Eruxiev's Magic Scroll Boutique.
  8378 | Orc:1    | Found Aqyunun's Weapon Shoppe.
  8541 | Orc:2    | Noticed an orc high priest
  8542 | Orc:2    | Noticed an orc high priest
  8544 | Orc:2    | Noticed an orc high priest
  8545 | Orc:2    | Noticed an orc high priest
  8551 | Orc:2    | Killed an orc high priest
  8555 | Orc:2    | Killed an orc high priest
  8625 | Orc:2    | Reached ****** piety under Okawaru
  8626 | Orc:2    | Reached skill level 5 in Invocations
  8659 | Elf:1    | Entered Level 1 of the Elven Halls
  8740 | Orc:2    | Killed an orc high priest
  8881 | Orc:2    | Killed an orc high priest
  8882 | Orc:2    | Reached XP level 13. HP: 127/137 MP: 16/16
  8944 | Orc:2    | Found Tygruace's Magic Scroll Emporium.
  8944 | Orc:2    | Found Nicia's Jewellery Emporium.
  8945 | Orc:2    | Found Cuuzifod's General Store.
  8945 | Orc:2    | Found Baugasch's Weapon Emporium.
  8960 | Orc:2    | Bought a scroll of blinking for 97 gold pieces
  8960 | Orc:2    | Bought a scroll of enchant armour for 97 gold pieces
  8960 | Orc:2    | Bought a scroll of teleportation for 39 gold pieces
  8960 | Orc:2    | Bought a scroll of teleportation for 39 gold pieces
  8960 | Orc:2    | Bought a scroll of teleportation for 39 gold pieces
  9058 | Orc:1    | Bought a scroll of enchant armour for 270 gold pieces
  9108 | Orc:1    | Bought a scroll of teleportation for 33 gold pieces
  9108 | Orc:1    | Bought a scroll of enchant armour for 82 gold pieces
  9108 | Orc:1    | Bought a scroll of enchant armour for 82 gold pieces
  9108 | Orc:1    | Bought 3 scrolls of teleportation for 99 gold pieces
  9109 | Orc:1    | Bought a scroll of revelation for 82 gold pieces
  9141 | Orc:2    | Bought 2 potions of might for 136 gold pieces
  9141 | Orc:2    | Bought a potion of brilliance for 68 gold pieces
  9141 | Orc:2    | Bought a potion of curing for 51 gold pieces
  9246 | Lair:1   | Entered Level 1 of the Lair of Beasts
  9520 | Lair:1   | Received a gift from Okawaru
  9660 | Lair:1   | Reached skill level 13 in Unarmed Combat
  9696 | Lair:1   | Reached skill level 5 in Armour
  9814 | Lair:1   | Noticed Maggie
  9824 | Lair:1   | Killed Maggie
 10000 | Lair:2   | Noticed Prince Ribbit
 10006 | Lair:2   | Killed Prince Ribbit
 10461 | Lair:2   | Found a staircase to the Swamp.
 10608 | Lair:3   | You fall into a shaft and drop 2 floors!
 10608 | Lair:5   | Entered Level 5 of the Lair of Beasts
 10703 | Lair:4   | Received a gift from Okawaru
 11027 | Lair:3   | Identified the +3 war axe "Ahupnale" {vamp, rN+ rCorr
                  | Str+4}
 11122 | Lair:3   | Found a hole to the Spider Nest.
 11197 | Lair:4   | Found a burning altar of Makhleb.
 11205 | Lair:4   | Reached XP level 14. HP: 149/149 MP: 18/18
 11330 | Lair:4   | Identified the +1 pair of boots of Foisch {rN+}
 11411 | Lair:4   | Identified the scarf "Bap Tere" {+Inv, *Corrode rF+ MP+9}
                  | (Okawaru gifted it to you on level 4 of the Lair of Beasts)
 11411 | Lair:4   | Received a gift from Okawaru
 11616 | Lair:4   | Found a runed translucent door.
 11616 | Lair:4   | Noticed Dwachs's ghost (journeyman TrFi)
 11646 | Lair:4   | Killed Dwachs's ghost
 11676 | Lair:5   | Reached skill level 14 in Unarmed Combat
 11805 | Lair:5   | Noticed Sonja
 11810 | Lair:5   | Killed Sonja
 11981 | Lair:5   | Found a viscous altar of Jiyva.
 11982 | Lair:5   | Found a staircase to the Slime Pits.
 12333 | Lair:5   | Paralysed by a floating eye for 2 turns
 12583 | Lair:5   | Found a corrupted altar of Lugonu.
 12583 | Lair:5   | Found a one-way gate to the infinite horrors of the Abyss.
 12762 | Swamp:1  | Entered Level 1 of the Swamp
 12851 | Swamp:1  | Received a gift from Okawaru
 13087 | Swamp:1  | Reached XP level 15. HP: 132/158 MP: 20/20
 13280 | Swamp:1  | Reached skill level 15 in Unarmed Combat
 13487 | Swamp:2  | Noticed Nikola
 13764 | Swamp:2  | Killed Nikola
 13909 | Swamp:2  | Identified the +3 rapier of Wondrous Power {venom, MP-9
                  | Str+3 Dex+3} (Okawaru gifted it to you on level 2 of the
                  | Swamp)
 13909 | Swamp:2  | Received a gift from Okawaru
 14084 | Swamp:3  | Reached skill level 10 in Invocations
 14494 | Swamp:3  | Noticed Jorgrun
 14507 | Swamp:3  | Killed Jorgrun
 14617 | Swamp:4  | Entered Level 4 of the Swamp
 14617 | Swamp:4  | Noticed soepkip's ghost (adept MiFi)
 14617 | Swamp:4  | Found a runed translucent door.
 14618 | Swamp:4  | Identified the +2 spear "Numnef" {heavy, rElec rPois rF++
                  | Str-3}
 14656 | Swamp:4  | Killed soepkip's ghost
 14657 | Swamp:4  | Received a gift from Okawaru
 14803 | Swamp:4  | Received a gift from Okawaru
 14834 | Swamp:4  | Noticed Aizul
 14848 | Swamp:4  | Killed Aizul
 14911 | Swamp:4  | Noticed a thorn hunter
 14928 | Swamp:4  | Killed a thorn hunter
 14929 | Swamp:4  | Reached XP level 16. HP: 104/171 MP: 23/23
 15110 | Swamp:4  | Noticed a thorn hunter
 15120 | Swamp:4  | Killed a thorn hunter
 15120 | Swamp:4  | Identified the +0 robe "Hyoshruts" {Rampage} (Okawaru
                  | gifted it to you on level 4 of the Swamp)
 15120 | Swamp:4  | Received a gift from Okawaru
 15177 | Swamp:4  | Reached skill level 16 in Unarmed Combat
 15504 | Swamp:4  | Reached skill level 10 in Armour
 15559 | Swamp:4  | Noticed a thorn hunter
 15579 | Swamp:4  | Killed a thorn hunter
 15750 | Swamp:4  | Paralysed by a hornet for 3 turns
 15817 | Swamp:4  | Found a blossoming altar of Fedhas.
 15817 | Swamp:4  | Noticed a thorn hunter
 15827 | Swamp:4  | Killed a thorn hunter
 15846 | Swamp:4  | Found a basalt altar of Yredelemnul.
 15915 | Swamp:4  | Got a decaying rune of Zot
 16090 | Spider:1 | Entered Level 1 of the Spider Nest
 16178 | Spider:1 | Lost intelligence.
 16429 | Spider:1 | HP: 8/174 [entropy weaver (4)]
 16429 | Spider:1 | HP: 1/174 [entropy weaver (7)]
 16435 | Spider:1 | Received a gift from Okawaru
 17400 | Spider:2 | Reached XP level 17. HP: 177/182 MP: 22/25
 17642 | Spider:2 | Reached skill level 17 in Unarmed Combat
 17643 | Spider:2 | Paralysed by a jorogumo for 2 turns
 17816 | Spider:2 | Identified the +5 falchion "Keah" {speed, rF+} (Okawaru
                  | gifted it to you on level 2 of the Spider Nest)
 17816 | Spider:2 | Received a gift from Okawaru
 18147 | Spider:3 | Noticed Donald
 18170 | Spider:3 | Slain by Donald

Illustrated notes

Levels and vault maps discovered:
D:1:      psy_arrival_spokes, layout_loops_ring, minmay_distorted
D:2:      layout_basic, serial_forest, infiniplex_forest_clump_diagonal,
          infiniplex_forest_lined_corner, infiniplex_forest_clump_double,
          infiniplex_forest_straight_3, infiniplex_forest_corner_2,
          infiniplex_forest_end_2, infiniplex_forest_end_2,
          infiniplex_forest_clump_medium, infiniplex_forest_straight_2,
          skrybe_limestone_x
D:3:      layout_loops_cross, shapermc_ecumenical_altar_ellora,
          nicolae_half_adder
D:4:      layout_basic, grunt_temple_overflow_champion_of_chaos,
          enter_ossuary_5, serial_bayou_ford_a, uniq_robin
D:5:      cheibrodos_two_vegetables, layout_loops_cross,
          nicolae_vehumet_radiance, gammafunk_temple_overflow_wave,
          uniq_eustachio
D:6:      layout_cave_pods, minivault_11
D:7:      nicolae_cairo_tiling, layout_cave_pools, serial_shops,
          nicolae_shop_window_shopping, serial_column_ruins,
          column_ruins_square_small, column_ruins_open_tiny,
          column_ruins_open_small, column_ruins_open_small_water,
          column_ruins_corridor_straight
D:8:      layout_layer_cave, erik_lair_island, serial_shops, shop_coins,
          gammafunk_ghost_nasty_kobolds, nicolae_the_louvre
D:9:      layout_rooms, hive_lemuel, uniq_joseph
D:10:     layout_roguey, minmay_ruined_shrine, uniq_maurice
D:11:     layout_irregular_city, hiddenorc1_lemuel, corexii_checkpoint_a,
          uniq_snorg
Temple:   minmay_crystal_spiral_temple
Lair:1:   layout_cave_pods, special_room [special_room_bee],
          hangedman_lair_unloving_vines, uniq_maggie
Lair:2:   layout_long_grid, nicolae_swamp_entry_splash_gauntlet,
          small_statue_intersection, dreamdust_deal_with_the_devil,
          infiniplex_staircase_pool_2, uniq_prince_ribbit2
Lair:3:   layout_chaotic_city, spider_nest_entry_funnel_web,
          chequers_serial_rivers_micro_e
Lair:4:   layout_small_grid, gammafunk_ghost_grave, basic_altar, st_stairs_11
Lair:5:   hellmonk_lair_end_abyssal_woods, layout_regular_city,
          minmay_slime_entry_oklob_enclosed, serial_bayou, serial_bayou_pond_c,
          serial_bayou_lake_a, serial_bayou_shore_b, serial_bayou_shore_a,
          serial_bayou_pond_e, uniq_sonja
Swamp:1:  layout_basic_swamp, hangedman_swamp_ruin_hall,
          nicolae_swamp_catching_bugs
Swamp:2:  layout_basic_swamp, hangedman_swamp_ruin_wall, swamp_pool4,
          infiniplex_staircase_pool, uniq_nikola
Swamp:3:  layout_basic_swamp, nicolae_swamp_treefoil, swamp_pool3, uniq_jorgrun
Swamp:4:  byrel_swamp_growth_death_and_undeath, layout_basic_swamp,
          ebering_ghost_funeral_grove, swamp_pool4, uniq_aizul
Spider:1: nicolae_spider_hilbert_zone_1 [nicolae_spider_hilbert_4_sides_1_open,
          nicolae_spider_hilbert_4_sides_1_open,
          nicolae_spider_hilbert_4_sides_1_open,
          nicolae_spider_hilbert_4_sides_1_open,
          nicolae_spider_hilbert_3_sides_1_open,
          nicolae_spider_hilbert_3_sides_1_open,
          nicolae_spider_hilbert_3_sides_1_open,
          nicolae_spider_hilbert_3_sides_1_open,
          nicolae_spider_hilbert_3_sides_1_open,
          nicolae_spider_hilbert_6_sides_1_open,
          nicolae_spider_hilbert_6_sides_1_open,
          nicolae_spider_hilbert_3_sides_1_open,
          nicolae_spider_hilbert_3_sides_1_open,
          nicolae_spider_hilbert_3_sides_1_open,
          nicolae_spider_hilbert_3_sides_1_open,
          nicolae_spider_hilbert_2_sides_1_open]
Spider:2: layout_spider_delve, hangedman_spider_tarantella_strand
Spider:3: layout_spider_delve, uniq_donald
Orc:1:    layout_diamond_mine, basic_altar, serial_shops, shop, shop,
          nicolae_shop_window_shopping, nicolae_shop_overgrown_old_shop,
          nicolae_shop_back_alley_shop
Orc:2:    st_orc_pillars, layout_caves, serial_shops, nicolae_square_shop,
          enter_volcano_2
Elf:1:    minmay_elf_arrival_summoners, layout_loops_corners, special_room
          [special_room_orc], kennysheep_underground_church, uniq_roxanne

Skill      XL: |  1  2  3  4  5  6  7  8  9 10 11 12 13 14 15 16 17 |
---------------+----------------------------------------------------+-----
Shields        | 3 4 5 6 8 9 10 | 10.0
Fighting       | 3 4 5 6 7 8 10 11 12 13 14 | 14.9
Unarmed Combat | 3 4 5 7 8 10 11 12 13 14 15 16 17 | 17.2
Invocations    | 2 5 7 9 10 12 | 12.0
Armour         | 1 4 6 8 9 10 11 | 11.3
Dodging        | |  2.8

Action                     |  1- 3 |  4- 6 |  7- 9 | 10-12 | 13-15 | 16-18 || total
---------------------------+-------+-------+-------+-------+-------+-------++-------
  Melee: Unarmed           |    80 |   188 |   409 |   695 |  1325 |   659 ||  3356
         Shillelagh        |       |       |       |       |    30 |    32 ||    62
 Invoke: Heroism           |       |       |     1 |    11 |    10 |     6 ||    28
         Finesse           |       |       |       |       |     3 |     2 ||     5
  Evoke: Wand              |       |       |       |    14 |    13 |       ||    27
    Use: Scroll            |       |       |    12 |     7 |    12 |     3 ||    34
         Potion            |       |       |     5 |     1 |     4 |     8 ||    18
   Stab: Sleeping          |       |       |     1 |       |     2 |       ||     3
         Invisible         |       |       |       |       |     1 |       ||     1
 Armour: Robe              |    15 |    52 |    73 |    23 |       |       ||   163
         Acid dragon scale |       |       |       |   125 |   323 |       ||   448
         Swamp dragon scal |       |       |       |       |    69 |   610 ||   679
  Dodge: Dodged            |    18 |    50 |   215 |   370 |   652 |   313 ||  1618
  Block: Kite shield       |    15 |    58 |   183 |   320 |   642 |   439 ||  1657

Table legend: (Time is in decaauts)
 A = Elapsed time spent in this place.
 B = Non-inter-level travel time spent in this place.
 C = Inter-level travel time spent in this place.
 D = Time resting spent in this place.
 E = Time spent auto-exploring this place.
 F = Levels seen in this place.
 G = Mean time per level.
                   A        B        C        D        E       F      G
               +--------+--------+--------+--------+--------+-----+--------+
         Total |  17835 |  16005 |   1830 |     59 |      0 |  29 |  615.0 |
       Dungeon |   7046 |   6206 |    840 |      0 |      0 |  11 |  640.5 |
        Temple |     85 |      3 |     82 |      0 |      0 |   1 |   85.0 |
          Lair |   3446 |   3201 |    245 |      0 |      0 |   5 |  689.2 |
         Swamp |   3069 |   2787 |    282 |     29 |      0 |   4 |  767.2 |
   Spider Nest |   2137 |   1994 |    143 |     13 |      0 |   3 |  712.3 |
  Orcish Mines |   1615 |   1379 |    236 |     16 |      0 |   2 |  807.5 |
   Elven Halls |     19 |     19 |      0 |      0 |      0 |   1 |   19.0 |
       Ossuary |    188 |    188 |      0 |      0 |      0 |   1 |  188.0 |
       Volcano |    227 |    227 |      0 |      0 |      0 |   1 |  227.0 |
               +--------+--------+--------+--------+--------+-----+--------+

Top non-repeatable levels by time:
Spider:1: 1376 daAuts
 Swamp:4: 1268 daAuts
   Orc:2: 1147 daAuts
  Lair:5: 1017 daAuts
     D:8: 989 daAuts
    D:10: 794 daAuts
     D:6: 749 daAuts
 Swamp:1: 719 daAuts
  Lair:1: 697 daAuts
Spider:2: 685 daAuts
     D:5: 682 daAuts
    D:11: 655 daAuts
     D:4: 638 daAuts
  Lair:2: 611 daAuts
  Lair:4: 592 daAuts
